 Dungeon Crawl Stone Soup version 0.20-a0-73-g65ed1cb (webtiles) character file.

3931 Gorggeron the Cleaver (level 10, -4/90 (91) HPs)
             Began as a Hill Orc Fighter on Nov 19, 2016.
             Was an Elder of Okawaru.
             Slain by a black bear (5 damage)
             ... on level 8 of the Dungeon.
             The game lasted 01:10:55 (7124 turns).

Gorggeron the Cleaver (Hill Orc Fighter)            Turns: 7124, Time: 01:10:56

HP:   -4/90 (91)    AC:  9    Str: 25    XL:     10   Next: 21%
MP:   13/13         EV:  8    Int: 10    God:    Okawaru [****..]
Gold: 360           SH:  0    Dex: 10    Spells: 0 memorised, 9 levels left

rFire  . . .     SeeInvis .     E - +2 battleaxe
rCold  . . .     Gourm    .     J - +0 chain mail {MR+}
rNeg   . . .     Faith    +     (shield currently unavailable)
rPois  .         Spirit   .     D - +0 helmet
rElec  .         Reflect  .     w - +0 cloak
rCorr  .         Harm     .     (no gloves)
MR     +....                    (no boots)
Stlth  ..........               y - amulet of faith
                                W - ring of stealth
                                H - +4 ring of intelligence

@: no status effects
A: deformed body, dopey 1, strong 1
a: Heroism, Renounce Religion


You were on level 8 of the Dungeon.
You worshipped Okawaru.
Okawaru was greatly pleased with you.
You were not hungry.

You visited 2 branches of the dungeon, and saw 9 of its levels.
You also visited: Sewer.

You collected 593 gold pieces.
You spent 233 gold pieces at shops.

Inventory:

Hand Weapons
 a - a +0 war axe
 k - the +8 scimitar of Tenacity {drain, +Rage}
   (You found it on level 4 of the Dungeon)

   A truly terrible weapon, it drains the life of those it strikes.
   It lets you go berserk.
 z - a +0 blowgun
 E - a +2 battleaxe (weapon)
 I - a +0 hunting sling of freezing
 K - a +4 flail of holy wrath
 O - a +0 shortbow
 Q - a +3 hand axe
 R - a +2 hand axe of chopping
 V - a +3 war axe
 X - a +0 battleaxe
Missiles
 h - 91 arrows
 i - 4 curare-tipped needles
 j - 462 stones
 l - 42 sling bullets
 m - 71 bolts
 o - 11 tomahawks (quivered)
 s - 5 needles of sleeping
 N - 35 poisoned needles
Armour
 c - a +0 shield
 q - a +1 ring mail of fire resistance
 w - a +0 cloak (worn)
 D - a +0 helmet (worn)
 J - a +0 chain mail of magic resistance (worn)
 M - a +3 ring mail of positive energy
 P - a +0 troll leather armour
Jewellery
 y - an amulet of faith (around neck)
 H - a +4 ring of intelligence (left hand)
 S - an uncursed ring of fire
 W - a ring of stealth (right hand)
Wands
 r - a wand of confusion (23/48)
 u - a wand of flame (45/48)
 F - a wand of lightning (8/15)
Scrolls
 e - 4 scrolls of remove curse
 v - 2 scrolls of recharging
 x - 3 scrolls of magic mapping
 B - 5 scrolls of identify
 G - 3 scrolls of teleportation
 T - a scroll of amnesia
Potions
 d - 2 potions of might
 g - 4 potions of agility
 t - 3 potions of curing
 A - a potion of cancellation
 U - a potion of lignification {unknown}
Comestibles
 b - a royal jelly
 f - 5 bread rations
 n - 6 fruits
 p - a beef jerky
 C - 5 meat rations
 L - 9 slices of pizza
 Y - 6 chunks of flesh


   Skills:
 * Level 9.4 Fighting
 + Level 11.2 Axes
 + Level 0.6 Throwing
 + Level 6.7 Armour
 + Level 5.7 Shields
 * Level 4.8 Invocations
 * Level 4.2 Evocations


You had 9 spell levels left.
You didn't know any spells.

Dungeon Overview and Level Annotations

Branches:
Dungeon (8/15)             Temple (1/1) D:4
   Lair: D:8-11

Altars:
Cheibriados
Dithmenos
Elyvilon
Gozag
Hepliaklqana
Okawaru
Ru
Sif Muna
Yredelemnul

Shops:
D:5 *   D:6 *


Innate Abilities, Weirdness & Mutations

Armour fits poorly on your strangely shaped body.
You are dopey. (Int -2)
Your muscles are strong. (Str +2)


Message History

* * * LOW HITPOINT WARNING * * *
You slash the centaur!
The centaur is heavily wounded.
The centaur misses you.
The centaur shoots an arrow.
The arrow hits you but does no damage.
The centaur hits you but does no damage.
You slice the centaur!!
You kill the centaur!
Okawaru accepts your kill.
The centaur shoots an arrow.
The arrow hits you!
* * * LOW HITPOINT WARNING * * *
The centaur shoots an arrow.
The arrow hits you.
* * * LOW HITPOINT WARNING * * *
A gnoll comes into view.
It is wielding a spear. 2 gnolls come into view.
The gnoll shouts! x2
The centaur shoots an arrow.
The arrow hits you!
* * * LOW HITPOINT WARNING * * *
The gnoll moves out of view.
The black bear bites you.
You die...

...........### ....
#.####.......# ....###
#........#.... . #....##
#.......##... .g #.....#
##......###.. #g.#.....#
#........##.
.........####......#....
#..c.h..((........###..
##..@.(.........# ###
##..(####......# #..)#
######## #...# #.?.#
#...# #####


You could see a black bear, a centaur and 2 gnolls.

Vanquished Creatures
  The ghost of someotherguy6 the Zephyrmancer, a novice TeAE of Vehumet (D:7)
  A hippogriff (D:8)
  A wyvern (D:8)
  3 orc warriors
  2 sky beasts (D:5)
  2 phantoms
  2 necrophages (D:6)
  An ogre (D:6)
  3 centaurs
  5 big kobolds
  2 bullfrogs
  A scorpion (D:7)
  4 wights (D:7)
  3 crimson imps
  2 bullfrog zombies (D:5)
  4 hounds
  A bullfrog skeleton (D:5)
  An orc priest (D:8)
  3 jellies
  Crazy Yiuf (D:2)
  7 orc wizards
  3 iguanas
  3 worker ants
  A howler monkey zombie (D:6)
  6 gnolls (D:4)
  14 adders
  A river rat (D:4)
  3 shadow imps
  3 worms
  2 dart slugs (D:2)
  8 leopard geckos
  35 orcs
  11 giant cockroaches
  27 goblins
  33 hobgoblins
  6 jackals
  4 quokkas
  5 ball pythons
  9 bats
  10 frilled lizards
  23 kobolds
  A leopard gecko skeleton (D:5)
  8 rats
266 creatures vanquished.

Notes
Turn   | Place    | Note
-------+----------+-------------------------------------------
     0 | D:1      | Gorggeron the Hill Orc Fighter began the quest for the Orb.
     0 | D:1      | Reached XP level 1. HP: 19/19 MP: 1/1
    59 | D:1      | Reached XP level 2. HP: 25/27 MP: 2/2
   322 | D:1      | Reached skill level 3 in Axes
   491 | D:2      | Reached XP level 3. HP: 33/33 MP: 3/3
   907 | D:2      | Reached XP level 4. HP: 38/40 MP: 4/4
   914 | D:2      | Reached skill level 4 in Axes
  1047 | D:2      | Found a runed door.
  1225 | D:2      | Noticed Crazy Yiuf
  1234 | D:2      | Killed Crazy Yiuf
  1314 | D:3      | Reached XP level 5. HP: 47/47 MP: 5/5
  1640 | D:3      | Reached skill level 5 in Axes
  1958 | D:3      | You fall through a shaft for 3 floors!
  1981 | D:6      | Noticed a necrophage
  1992 | D:6      | Killed a necrophage
  1992 | D:6      | Reached skill level 5 in Fighting
  1992 | D:6      | Reached XP level 6. HP: 43/56 MP: 6/6
  2030 | D:6      | Reached skill level 6 in Axes
  2030 | D:6      | Reached skill level 5 in Shields
  2326 | D:6      | Found Zirukhlups's General Store.
  2336 | D:6      | Bought a +0 helmet for 58 gold pieces
  2336 | D:6      | Bought a +0 battleaxe for 84 gold pieces
  2356 | D:5      | Entered Level 5 of the Dungeon
  2356 | D:5      | Noticed a sky beast
  2362 | D:5      | Killed a sky beast
  2362 | D:5      | Reached XP level 7. HP: 61/61 MP: 7/7
  2410 | D:5      | Found a hazy altar of Hepliaklqana.
  2465 | D:5      | Found Wetil's Assorted Antiques.
  2591 | D:4      | Found a staircase to the Ecumenical Temple.
  2595 | D:4      | Reached skill level 7 in Axes
  2638 | Temple   | Entered the Ecumenical Temple
  2669 | Temple   | Became a worshipper of Warmaster Okawaru
  2700 | D:4      | Found a shadowy altar of Dithmenos.
  2774 | D:4      | Found a glowing drain.
  2778 | Sewer    | Entered a sewer
  3013 | Sewer    | Reached XP level 8. HP: 55/71 MP: 8/8
  3706 | D:4      | Got a slimy scimitar
  3762 | D:4      | Reached skill level 8 in Axes
  3910 | D:4      | Reached skill level 1 in Invocations
  3910 | D:4      | Reached skill level 1 in Evocations
  3919 | D:4      | Reached * piety under Okawaru
  4043 | D:4      | Reached skill level 5 in Armour
  4303 | D:4      | You fall through a shaft!
  4457 | D:4      | Found an opulent altar of Gozag.
  4629 | D:4      | Identified the +8 scimitar of Tenacity {drain, +Rage} (You found it on level 4 of the Dungeon)
  4733 | D:5      | Reached skill level 9 in Axes
  4757 | D:5      | Found a white marble altar of Elyvilon.
  4780 | D:5      | Reached ** piety under Okawaru
  5165 | D:6      | Reached XP level 9. HP: 79/80 MP: 11/11
  5179 | D:6      | Got a fabulously ornate robe
  5715 | D:6      | Reached skill level 10 in Axes
  5896 | D:6      | Bought a potion of might for 52 gold pieces
  5896 | D:6      | Bought a potion of curing for 39 gold pieces
  5933 | D:6      | Identified the +1 robe of Indomitability {MP+9} (You found it on level 6 of the Dungeon)
  6005 | D:7      | Reached *** piety under Okawaru
  6154 | D:7      | Noticed someotherguy6's ghost (novice TeAE)
  6179 | D:7      | Killed someotherguy6's ghost
  6413 | D:7      | Reached **** piety under Okawaru
  6703 | D:7      | Gained mutation: You are dopey. (Int -2) [potion of mutation]
  6703 | D:7      | Gained mutation: Armour fits poorly on your strangely shaped body. [potion of mutation]
  6703 | D:7      | Gained mutation: Your muscles are strong. (Str +2) [potion of mutation]
  6717 | D:8      | Reached XP level 10. HP: 50/90 MP: 13/13
  6726 | D:8      | Reached skill level 11 in Axes
  6835 | D:8      | Found a deep blue altar of Sif Muna.
  6852 | D:8      | Found a sacrificial altar of Ru.
  6852 | D:8      | Found a snail-covered altar of Cheibriados.
  6855 | D:8      | Found a basalt altar of Yredelemnul.
  7124 | D:8      | HP: 1/90 [centaur/arrow (10)]
  7124 | D:8      | Slain by a black bear

Vault maps used:
D:1:      dpeg_arrival_tiny_g
D:2:      kennysheep_big_flooded_room, uniq_crazy_yiuf_cottage
D:3:      kennysheep_minor_cross
D:4:      minmay_goblin_kobold_castle, overflow_temple_1_default,
          lemuel_round_altar, gup_sewer_entry_bowl, grunt_ministairs_2,
          minmay_misc_feat_five
D:5:      elyvilon_altar_4, serial_shops, nicolae_shop_overgrown_old_shop,
          first_bread, lemuel_tele_altar
D:6:      serial_shops, nicolae_shop_crystal
D:8:      lemuel_crystal_altar, gammafunk_temple_overflow_forgotten,
          kennysheep_mini, enter_bailey_2, grunt_pizzeria
Temple:   nicolae_temple_figure_eight
Sewer:    sewer_frog_island_01

Skill      XL: |  1  2  3  4  5  6  7  8  9 10 |
---------------+-------------------------------+-----
Fighting       | 4 5 6 7 9 |  9.4
Axes           | 3 4 5 6 7 9 10 11 | 11.2
Shields        | 4 5 |  5.7
Armour         | 4 5 6 |  6.7
Invocations    | 2 4 |  4.8
Evocations     | 2 3 4 |  4.2
Throwing       | |  0.6

Action                   |  1- 3 |  4- 6 |  7- 9 | 10-12 || total
-------------------------+-------+-------+-------+-------++-------
Melee: War axe           |   139 |   191 |       |       ||   330
       Battleaxe         |       |     5 |   471 |    24 ||   500
       Hand axe          |       |       |   123 |     9 ||   132
Throw: Tomahawk          |       |     3 |       |       ||     3
Invok: Heroism           |       |       |       |     1 ||     1
  Use: Scroll            |     2 |     3 |    11 |       ||    16
       Potion            |       |     1 |     5 |       ||     6
  Eat: Chunk             |       |     5 |    16 |     1 ||    22
Armor: Scale mail        |    36 |       |       |       ||    36
       Plate armour      |    66 |   108 |   135 |       ||   309
       Chain mail        |       |       |   250 |    17 ||   267
       Ring mail         |       |       |    24 |       ||    24
Dodge: Dodged            |    35 |    31 |   212 |    15 ||   293
Block: Shield            |    93 |   101 |    51 |     8 ||   253
